 Dungeon Crawl Stone Soup version 0.30-a0-123-g91d0c66ccf (webtiles) character file.

Game seed: 6835235396902662880

45 Pooter the Chopper (level 3, -4/33 HPs)
             Began as a Hill Orc Monk on Sept 17, 2022.
             Slain by Terence
             ... wielding a +2 trident of venom
              (11 damage)
             ... on level 2 of the Dungeon.
             The game lasted 00:06:50 (1874 turns).

Pooter the Chopper (Hill Orc Monk)                  Turns: 1874, Time: 00:06:51

Health: -4/33      AC:  5    Str: 15    XL:     3   Next: 64%
Magic:  3/3        EV: 11    Int: 10    God:
Gold:   92         SH:  0    Dex: 13    Spells: 1/2 levels left

rFire   . . .      SeeInvis .    a - +1 hand axe
rCold   . . .      Faith    .    (no shield)
rNeg    . . .      Spirit   .    i - +0 ring mail
rPois   .          Reflect  .    (no helmet)
rElec   .          Harm     .    (no cloak)
rCorr   .          Rampage  .    (no gloves)
Will    +....                    (no boots)
Stlth   ..........               (no amulet)
HPRegen 0.11/turn                n - ring of willpower
MPRegen 0.08/turn                W - ring of wizardry

@: confused, lethally poisoned (-4 -> -9), ambrosia-drunk
A: no striking features
a: no special abilities


You were on level 2 of the Dungeon.
You visited 1 branch of the dungeon, and saw 2 of its levels.

You collected 92 gold pieces.

Inventory:

Hand Weapons
 a - a +1 hand axe (weapon)
 b - a +0 sling
   (You found it on level 2 of the Dungeon)
Missiles
 Q - 20 stones (quivered)
Armour
 i - a +0 ring mail (worn)
   (You found it on level 1 of the Dungeon)
 s - a +0 robe
Jewellery
 n - a ring of willpower (left hand)
   (You found it on level 2 of the Dungeon)
 W - a ring of wizardry (right hand)
   (You found it on level 2 of the Dungeon)
Scrolls
 e - a scroll of blinking
 f - a scroll of fog {unknown}
 g - a scroll of fear {unknown}
 h - a scroll of noise {unknown}
 k - a scroll of identify {unknown}
 l - a scroll of enchant weapon
 p - 2 scrolls of amnesia
 t - 2 scrolls of teleportation {@r4}
Potions
 c - a potion of ambrosia
 d - a potion of flight {unknown}
 j - a potion of degeneration {unknown}
 m - a potion of lignification {unknown}
 o - a potion of brilliance {unknown}
 q - 2 potions of haste {unknown}
 r - a potion of invisibility {unknown}


   Skills:
 + Level 4.2 Fighting
 * Level 5.4 Axes
 * Level 0.1 Ranged Weapons
 - Level 2.4 Dodging
 - Level 1.5 Stealth
 + Level 0.0 Spellcasting
 + Level 0.0 Translocations


You had one spell level left.
You knew the following spells:

 Your Spells              Type           Power      Damage    Failure   Level
c - Apportation           Tloc           0%         N/A       28%         1

Your spell library contained the following spells:

 Spells                   Type           Power      Damage    Failure   Level
 Freeze                   Ice            0%         1d3       28%         1
 Necrotise                Necr           0%         1d4       28%         1
 Summon Small Mammal      Summ           0%         N/A       28%         1
 Sublimation of Blood     Necr           0%         N/A       41%         2
 Wereblood                Tmut           0%         N/A       41%         2
 Frozen Ramparts          Ice            0%         1d1       63%         3
 Portal Projectile        Hex/Tloc       0%         N/A       63%         3
 Tukima's Dance           Hex            0%         N/A       63%         3
 Hailstorm                Conj/Ice       0%         3d3       95%         4
 Petrify                  Tmut/Erth      0%         N/A       95%         4
 Blade Hands              Tmut           0%         N/A       100%        5
 Irradiate                Conj/Tmut      0%         3d11      100%        5
 Summon Hydra             Summ           0%         N/A       100%        7


Dungeon Overview and Level Annotations

Branches:
Dungeon (2/15)

Altars:

Annotations:
D:2 Terence


Message History

The sling bullet hits the ball python.
You kill the ball python!
The kobold hits you with a +0 dagger.
a - a +1 hand axe (weapon)
You barely miss the kobold. The kobold hits you with a +0 dagger.
You hit the kobold.
You kill the kobold!
b - a +0 sling (weapon)
Q - 15 stones (gained 5)
You see here a +0 dagger.
You see here a ball python corpse.
Found a scroll of amnesia.
Found 5 stones.
p - 2 scrolls of amnesia (gained 1)
Found a club.
Q - 20 stones (gained 5) Terence the Incautious comes into view.
He is wielding a +2 trident of venom.
Found 5 stones.
Terence shouts!
A frilled lizard comes into view.
You shoot a sling bullet.
The sling bullet barely misses the frilled lizard.
The frilled lizard hisses angrily.
You shoot a sling bullet.
The sling bullet hits Terence but does no damage.
a - a +1 hand axe (weapon)
Terence barely misses you.
You hit Terence. Terence misses you.
You hit Terence but do no damage. You barely miss the frilled lizard.
The frilled lizard closely misses you.
Terence hits you with a +2 trident of venom.
You are poisoned.
You hit Terence. You hit the frilled lizard.
You feel very sick.
The frilled lizard hisses.
The frilled lizard misses you.
Terence hits you with a +2 trident of venom!
You hit Terence. You barely miss the frilled lizard.
You feel sick. The frilled lizard barely misses you. Terence misses you.
You closely miss Terence. You barely miss the frilled lizard.
You feel sick.
The frilled lizard bites you but does no damage.
Terence barely misses you. The frilled lizard misses you.
Terence hits you with a +2 trident of venom!
* * * LOW HITPOINT WARNING * * *
Unknown command.
You are confused.
You feel invigorated.
You feel sick.
The frilled lizard bites you but does no damage.
Terence hits you with a +2 trident of venom!
You die...

###### # #.... # #...
########## #..# .....(.
.........# #..# .......
.#######.# #.l# ....... .#
#.# ##@#.# ....... .# #.##
##@## l.l...... .# #..#
##.## ...... .# ##.# #.##
##..# .# #.# ##.## ##.###
.# #.# ##.###.## .#
####.## ##.#.### ##
##.#...# ##.##.##
.####......######.#...####


You could see Terence and a frilled lizard.

Vanquished Creatures
  An adder (D:2)
  A worm (D:2)
  5 bats
  4 endoplasms
  3 giant cockroaches (D:1)
  2 goblins (D:1)
  3 hobgoblins (D:1)
  2 quokkas
  3 ball pythons
  A frilled lizard (D:2)
  2 kobolds
  4 rats
31 creatures vanquished.

Notes
Turn   | Place    | Note
-------+----------+-------------------------------------------
     0 | D:1      | Pooter the Hill Orc Monk began the quest for the Orb.
     0 | D:1      | Reached XP level 1. HP: 19/19 MP: 1/1
   217 | D:1      | Reached XP level 2. HP: 26/27 MP: 2/2
   292 | D:1      | Learned a level 1 spell: Apportation
   847 | D:1      | Reached skill level 5 in Axes
   861 | D:1      | Reached XP level 3. HP: 32/33 MP: 3/3
  1598 | D:2      | Found a faded altar of an unknown god.
  1853 | D:2      | Noticed Terence
  1874 | D:2      | Slain by Terence

Illustrated notes

Levels and vault maps discovered:
D:1:      lemuel_arrival_behind_the_door_small, layout_loops_ring
D:2:      layout_loops_corners, shapermc_ecumenical_altar_acropolis,
          dk_vineyard_1, uniq_terence

Skill      XL: |  1  2 |
---------------+-------+-----
Fighting       | 4 |  4.2
Axes           | 5 |  5.4
Ranged Weapons | |  0.1
Dodging        | |  2.4
Stealth        | |  1.5

Action                   || total
-------------------------++-------
Melee: Hand axe          ||    84
 Fire: Sling             ||     9
Throw: Stone             ||     6
  Use: Scroll            ||     4
       Potion            ||     1
 Stab: Sleeping          ||     1
Armor: Robe              ||     3
       Ring mail         ||    20
Dodge: Dodged            ||    58

Table legend: (Time is in decaauts)
 A = Elapsed time spent in this place.
 B = Non-inter-level travel time spent in this place.
 C = Inter-level travel time spent in this place.
 D = Time resting spent in this place.
 E = Time spent auto-exploring this place.
 F = Levels seen in this place.
 G = Mean time per level.
                   A        B        C        D        E       F      G
               +--------+--------+--------+--------+--------+-----+--------+
         Total |   1882 |   1843 |     39 |      0 |   1516 |   2 |  941.0 |
       Dungeon |   1882 |   1843 |     39 |      0 |   1516 |   2 |  941.0 |
               +--------+--------+--------+--------+--------+-----+--------+

Top non-repeatable levels by time:
     D:1: 949 daAuts
     D:2: 932 daAuts
